 Dungeon Crawl Stone Soup version 0.20.1-1-g8b1a95d (webtiles) character file.

140 Jukra the Chopper (level 5, -7/47 HPs)
             Began as a Minotaur Berserker on Aug 30, 2017.
             Was a Believer of Trog.
             Asphyxiated
             ... on level 3 of the Dungeon.
             The game lasted 00:06:03 (1441 turns).

Jukra the Chopper (Minotaur Berserker)              Turns: 1441, Time: 00:06:04

Health: -7/47      AC:  9    Str: 23    XL:     5   Next: 2%
Magic:  4/4        EV: 12    Int:  4    God:    Trog [**....]
Gold:   52         SH:  0    Dex:  9    Spells: 4/4 levels left

rFire    + . .     SeeInvis .   a - +0 hand axe
rCold    x . .     Gourm    .   (no shield)
rNeg     . . .     Faith    .   d - +2 ring mail
rPois    .         Spirit   .   (helmet restricted)
rElec    .         Reflect  .   (no cloak)
rCorr    .         Harm     .   p - +0 pair of gloves
MR       .....                  (no boots)
Stlth    ..........             (no amulet)
Regen    0.2/turn               i - ring of fire
MPRegen  0.1/turn               (no ring)

@: lethally poisoned (-7 -> -35), berserk cooldown, slowed, very slow
A: retaliatory headbutt, horns 2
a: Berserk, Trog's Hand, Burn Spellbooks, Renounce Religion


You were on level 3 of the Dungeon.
You worshipped Trog.
Trog was pleased with you.
You were not hungry.

You visited 1 branch of the dungeon, and saw 3 of its levels.

You collected 52 gold pieces.

Inventory:

Hand Weapons
 a - a +0 hand axe (weapon)
Armour
 b - a +0 animal skin
 d - a +2 ring mail (worn)
 g - a +0 leather armour
 p - a +0 pair of gloves (worn)
Jewellery
 i - a ring of fire (left hand)
Scrolls
 f - a scroll of recharging
 j - a scroll of fog
 k - 2 scrolls of identify
 l - a scroll of teleportation
Potions
 e - a potion of haste
 h - a potion of heal wounds
Comestibles
 c - a bread ration


   Skills:
 + Level 4.3 Fighting
 + Level 5.3 Axes
 + Level 3.7 Armour
 + Level 2.9 Dodging
 + Level 0.1 Stealth


You had 4 spell levels left.
You didn't know any spells.

Dungeon Overview and Level Annotations

Branches:
Dungeon (3/15)

Altars:
Xom


Innate Abilities, Weirdness & Mutations

You reflexively headbutt those who attack you in melee.
You have a pair of horns on your head.


Message History

You hit the orc priest.
The orc priest is moderately wounded.
You feel sick.
The kobold shoots a curare-tipped needle.
The curare-tipped needle misses you. The orc priest misses you.
You hit the orc priest. Your headbutt misses the orc priest.
The orc priest is severely wounded.
The kobold shoots a curare-tipped needle.
The curare-tipped needle hits you.
You are more poisoned.
You have difficulty breathing.
* * * LOW HITPOINT WARNING * * *
You feel as though you will be slow longer.
The orc priest hits you with a hand axe.
* * * LOW HITPOINT WARNING * * *
The kobold shoots a curare-tipped needle.
The curare-tipped needle hits you.
You are more poisoned.
You have difficulty breathing.
You die...

..#.#.....<......##
...................
......†............
..#...)†.........
###.†#)##........
........(#........
#.#.......K........
...##.#..#........
##........#@.......
#...#K##.#o.......
#...#. #.#........
## # #........#.
...........
####..(..#. .....#
.<....


You could see an orc priest and a kobold.

Vanquished Creatures
  A howler monkey (D:3)
  4 adders
  A worm (D:2)
  2 dart slugs (D:1)
  2 leopard geckos
  4 orcs (D:3)
  5 bats
  3 giant cockroaches
  10 goblins
  5 hobgoblins
  A ball python (D:2)
  3 frilled lizards (D:2)
  7 kobolds
  3 rats
51 creatures vanquished.

Notes
Turn   | Place    | Note
-------+----------+-------------------------------------------
     0 | D:1      | Jukra the Minotaur Berserker began the quest for the Orb.
     0 | D:1      | Reached XP level 1. HP: 19/19 MP: 0/0
   299 | D:1      | Reached XP level 2. HP: 27/27 MP: 1/1
   394 | D:1      | Reached skill level 4 in Axes
   836 | D:2      | Reached XP level 3. HP: 33/33 MP: 2/2
   859 | D:2      | Found a shimmering altar of Xom.
   969 | D:2      | Reached ** piety under Trog
   998 | D:2      | Reached XP level 4. HP: 13/40 MP: 3/3
  1424 | D:3      | Reached skill level 5 in Axes
  1433 | D:3      | Reached XP level 5. HP: 47/47 MP: 4/4
  1441 | D:3      | Asphyxiated

Skill      XL: |  1  2  3  4 |
---------------+-------------+-----
Fighting       | 4 |  4.3
Axes           | 4 5 |  5.3
Armour         | 3 |  3.7
Dodging        | |  2.9
Stealth        | |  0.1

Action                   |  1- 3 |  4- 6 || total
-------------------------+-------+-------++-------
Melee: Hand axe          |    84 |    22 ||   106
       Headbutt          |    13 |     5 ||    18
Invok: Berserk           |       |     1 ||     1
  Use: Scroll            |     3 |     6 ||     9
       Potion            |     1 |     1 ||     2
  Eat: Meat ration       |       |     1 ||     1
Armor: Leather armour    |     1 |       ||     1
       Ring mail         |    25 |    12 ||    37
Dodge: Dodged            |    56 |    15 ||    71
